 Dungeon Crawl Stone Soup version 0.17.1-3-g152610e (webtiles) character file.

12 Gargoyl the Skirmisher (level 2, -1/24 HPs)
             Began as a Demonspawn Abyssal Knight on Apr 8, 2016.
             Was a Follower of Lugonu.
             Slain by a hobgoblin
             ... wielding a +0 club
              (2 damage)
             ... on level 1 of the Dungeon.
             The game lasted 00:01:14 (838 turns).

Gargoyl the Skirmisher (Demonspawn Abyssal Knight)   Turns: 838, Time: 00:01:14

Health: -1/24      AC:  4    Str: 12    XL:     2   Next: 20%
Magic:  3/3        EV: 11    Int: 13    God:    Lugonu [*.....]
Gold:   54         SH:  0    Dex: 12    Spells: 0 memorised, 1 level left

rFire  + . .     SeeInvis .     a - +1 hand axe
rCold  . . .     Clarity  .     b - +0 leather armour
rNeg   . . .     SustAt   .     (no shield)
rPois  .         Gourm    .     (no helmet)
rElec  .         Spirit   .     (no cloak)
rCorr  .         Warding  .     e - +0 pair of gloves
rMut   .         Stasis   .     (no boots)
MR     .....                    (no amulet)
Stlth  +.........               (no ring)
                                (no ring)

@: not resistant to hostile enchantments, very unstealthy
A: fire resistance 1
a: Depart the Abyss, Renounce Religion


You were on level 1 of the Dungeon.
You worshipped Lugonu.
Lugonu was aware of your devotion.
You were not hungry.

You visited 1 branch of the dungeon, and saw 2 of its levels.
You visited the Abyss 1 time.

You collected 54 gold pieces.

Inventory:

Hand Weapons
 a - a +1 hand axe (weapon)
Armour
 b - a +0 leather armour (worn)
 e - a +0 pair of gloves (worn)
Scrolls
 d - 2 scrolls of teleportation {unknown}
 f - 2 scrolls of remove curse {unknown}
 g - a scroll of enchant armour {unknown}
 j - 2 scrolls of fear {unknown}
Potions
 h - a potion of agility {unknown}
 i - a potion of curing {unknown}
 k - a potion of heal wounds {unknown}
 l - a potion of brilliance {unknown}
Comestibles
 c - a bread ration


   Skills:
 + Level 3.3 Fighting
 + Level 1.8 Axes
 + Level 1.8 Armour
 + Level 1.1 Dodging
 + Level 2.6 Invocations


You had one spell level left.
You didn't know any spells.

Dungeon Overview and Level Annotations

Branches:
Dungeon (2/15)

Altars:


Innate Abilities, Weirdness & Mutations

Your flesh is heat resistant.


Message History

You completely miss the jackal.
The jackal is severely wounded.
You hit the hobgoblin but do no damage.
The hobgoblin is almost dead.
The jackal bites you but does no damage.
The hobgoblin hits you with a club.
* * * LOW HITPOINT WARNING * * *
The jackal barely misses you.
You hit the jackal.
You kill the jackal!
Lugonu accepts your kill.
You hit the hobgoblin but do no damage.
The hobgoblin is almost dead.
The hobgoblin hits you with a club.
* * * LOW HITPOINT WARNING * * *
The hobgoblin hits you but does no damage.
You hit the hobgoblin but do no damage.
The hobgoblin is severely wounded.
The hobgoblin hits you with a club.
You die...

#.###......(...###..##.# #####...
#...................##.# ####
#####..................####
####.....................>#
......##.....#####.###.####
.###.###.....# #.###.#
...#.###.###.# ###.##..#
##...##..###.###......##
###..##.###....g@..####
#.......##.....)>>..# ###
........#...######..###.#####
####.#.......#####..........## #
#....#.#..#..............##..####
..###.......######.##.#.####..##.
.........#### #..#..### ##....
.######....# #.##.## ###..#
........##.# ##.##.## ####.....


You could see a hobgoblin.

Vanquished Creatures
  A giant cockroach (D:1)
  2 hobgoblins (D:1)
  A jackal (D:1)
  A kobold (D:1)
  A ball python (D:1)
  A giant gecko (D:1)
  2 giant newts (D:1)
  2 goblins (D:1)
  2 rats (D:1)
13 creatures vanquished.

Notes
Turn   | Place    | Note
--------------------------------------------------------------
     0 | Abyss:1  | Gargoyl the Demonspawn Abyssal Knight began the quest for the Orb.
     0 | Abyss:1  | Reached XP level 1. HP: 18/18 MP: 2/2
     6 | Abyss:1  | Found a corrupted altar of Lugonu.
    64 | Abyss:1  | Noticed an eye of draining
    71 | Abyss:1  | Noticed a starcursed mass
    81 | D:1      | Escaped the Abyss
   196 | D:1      | Reached skill level 1 in Dodging
   364 | D:1      | Reached * piety under Lugonu
   582 | D:1      | Gained mutation: Your flesh is heat resistant. [demonic ancestry]
   582 | D:1      | Reached XP level 2. HP: 20/24 MP: 3/3
   836 | D:1      | HP: 1/24 [hobgoblin/club (6)]
   838 | D:1      | Slain by a hobgoblin

Action                   || total
-------------------------++-------
Melee: Hand axe          ||    36
Invok: Depart the Abyss  ||     1
